 Dungeon Crawl Stone Soup version 0.31-a0-232-gb1c03b2570 (webtiles) character file.

Game seed: 6105311570879834527

49 qw the Shooter (level 3, -3/21 HPs)
             Began as a Gargoyle Hexslinger on July 7, 2023.
             Killed from afar by Sigmund (8 damage)
             ... with a magic dart
             ... on level 2 of the Dungeon.
             The game lasted 00:00:28 (758 turns).

qw the Shooter (Gargoyle Hexslinger)                 Turns: 758, Time: 00:00:29

Health: -3/21      AC:  6    Str: 11    XL:     3   Next: 75%
Magic:  4/4        EV: 18    Int: 13    God:
Gold:   20         SH:  0    Dex: 14    Spells: 3/4 levels left

rFire   + + .        Y - melded +1 sling
rCold   + + .        (shield currently unavailable)
rNeg    + + +        f - melded +0 leather armour
rPois   inf          a - melded +0 helmet {Int+3}
rElec   +            (cloak currently unavailable)
rCorr   +            (gloves currently unavailable)
SInv    .            h - melded +0 pair of boots
Will    .....        (amulet currently unavailable)
Stlth   +            (ring currently unavailable)
HPRegen 0.23/turn    (ring currently unavailable)
MPRegen 0.09/turn

%: no passive effects
@: wisp-form, flying
A: insubstantial, flying, no casting, sickness immunity, AC +3, tiny, negative
energy resistance 1, (electricity resistance), torment resistance 1,
petrification resistance
a: no special abilities


You were on level 2 of the Dungeon.
You were an insubstantial wisp.
You visited 1 branch of the dungeon, and saw 2 of its levels.

You collected 46 gold pieces.
You spent 26 gold pieces at shops.


Innate Abilities, Weirdness & Mutations

You are an insubstantial wisp.
Your tiny insubstantial body is highly resistant to most damage types.
You are flying.
Your equipment is entirely melded.
You are incapable of wielding weapons or throwing items.
You cannot cast spells.
You are immune to sickness and miasma.
((Your stone body is resilient. (AC +3)))
You are immune to poison.
You resist negative energy. (rN+)
((You are resistant to electric shocks. (rElec)))
You are resistant to unholy torment.
You are immune to petrification.


   Skills:
 - Level 2.0 Fighting
 + Level 3.6 Ranged Weapons
 - Level 1.5 Dodging
 - Level 1.0 Spellcasting
 - Level 2.6 Hexes


You had 3 spell levels left.
You knew the following spells:

 Your Spells              Type           Power      Damage    Failure   Level
a - Slow                  Hex            28%        N/A       10%         1

Your spell library contained the following spells:

 Spells                   Type           Power      Damage    Failure   Level
 Inner Flame              Hex/Fire       4%         N/A       43%         3
 Portal Projectile        Hex/Tloc       8%         N/A       43%         3
 Cause Fear               Hex            3%         N/A       67%         4

Inventory:

Hand Weapons
 Y - a +1 sling (melded)
Armour
 a - a +0 helmet of intelligence (melded)
 f - a +0 leather armour (melded)
 h - a +0 pair of boots (melded)
Potions
 b - a potion of curing {unknown}
 g - a potion of enlightenment {unknown}
 j - a potion of might {unknown}

Dungeon Overview and Level Annotations

Branches:
Dungeon (2/15)

Altars:

Shops:
D:1 [

Annotations:
D:2 Sigmund


Message History

You shoot a sling bullet. The sling bullet hits Sigmund.
Sigmund is moderately wounded.
Sigmund barely misses you.
You shoot a sling bullet.
The sling bullet hits Sigmund but does no damage.
Sigmund is moderately wounded.
Sigmund completely misses you.
You shoot a sling bullet.
The sling bullet hits Sigmund but does no damage.
Sigmund is moderately wounded.
Sigmund hits you with a +1 scythe of venom!
You shoot a sling bullet.
The sling bullet hits Sigmund but does no damage.
Sigmund is moderately wounded.
Sigmund casts a spell.
Sigmund flickers and vanishes!
Deactivating autopickup; reactivate with Ctrl-A.
You shoot a sling bullet. Something hits you.
751 ||| FLEEEEING.
You hear a zap.
You turn into an insubstantial wisp.
Your +1 sling melds into your body.
Your +0 helmet of intelligence melds into your body.
Your +0 pair of boots melds into your body.
Your +0 leather armour melds into your body.
You feel stupid.
752 ||| STILL FLEEEEING.
753 ||| FLEEEEING.
754 ||| STILL FLEEEEING.
You hear some strange, mumbled words.
Something tries to affect you, but you resist.
755 ||| STILL FLEEEEING.
A magic dart appears from out of thin air!
The magic dart hits you!
756 ||| STILL FLEEEEING.
757 ||| STILL FLEEEEING.
758 ||| STILL FLEEEEING.
A magic dart appears from out of thin air!
The magic dart hits you!
You die...

#...# #### #.#. #..:# ..# #.#.
#####...# #.# #.#.
#......#######.# #...
#.####.......... #...
#.......... .#. ... #..........
.....#.###############..........
#......{....v.............#.#
###.################......#.#
..J #......... #... #......[..
#... #......:.. #... ########.#
#... #.# #...


There were no monsters in sight!

Vanquished Creatures
  An adder (D:2)
  A worm (D:2)
  6 endoplasms
  3 giant cockroaches
  3 goblins (D:1)
  3 hobgoblins (D:1)
  2 quokkas
  4 bats
  4 kobolds (D:1)
  5 rats
32 creatures vanquished.

Notes
Turn   | Place    | Note
-------+----------+-------------------------------------------
     0 | D:1      | qw the Gargoyle Hexslinger began the quest for the Orb.
     0 | D:1      | Reached XP level 1. HP: 12/12 MP: 2/2
     0 | D:1      | 0 ||| qw: Version: 0.3-a-46-gb1f654a
     0 | D:1      | 0 ||| qw: Game counter: 2922
     0 | D:1      | 0 ||| qw: Melee chars always use a shield: true
     0 | D:1      | 0 ||| qw: God list: Okawaru
     0 | D:1      | 0 ||| qw: Allow faded altars: false
     0 | D:1      | 0 ||| qw: Do Orc after clearing Dungeon:15 true
     0 | D:1      | 0 ||| qw: Do second Lair branch before Depths: true
     0 | D:1      | 0 ||| qw: Lair rune preference: random
     0 | D:1      | 0 ||| qw: Goals: Normal
     0 | D:1      | 0 ||| PLANNING D:1-11
   140 | D:1      | Reached XP level 2. HP: 16/16 MP: 3/3
   162 | D:1      | Found Haklemn's Armour Shoppe.
   171 | D:1      | Reached skill level 3 in Ranged Weapons
   182 | D:1      | 182 ||| BUYING +0 leather armour (26 gold).
   182 | D:1      | Bought a +0 leather armour for 26 gold pieces
   182 | D:1      | 182 ||| SHOPLISTING +0 ring mail (52 gold, have 2).
   182 | D:1      | 182 ||| SHOPLISTING +1 helmet of see invisible (214 gold,
                  | have 2).
   182 | D:1      | 182 ||| SHOPLISTING +2 hood of the Assassin {Detect Stab+
                  | Stlth++} (780 gold, have 2).
   182 | D:1      | 182 ||| SHOPLISTING scarf of resistance (416 gold, have 2).
   407 | D:1      | Reached XP level 3. HP: 19/21 MP: 4/4
   513 | D:1      | 513 ||| UPGRADING to +0 leather armour.
   523 | D:1      | 523 ||| DROPPING +0 robe.
   524 | D:1      | 524 ||| UPGRADING to +0 pair of boots.
   529 | D:1      | 529 ||| READING scroll labelled RUSKA WOK DET.
   530 | D:1      | 530 ||| READING scroll labelled DACUOBBYN WIHU.
   530 | D:1      | Identified a scroll of acquirement
   530 | D:1      | 530 ||| ACQUIRING +0 helmet of intelligence
   530 | D:1      | Acquired a +0 helmet of intelligence
   532 | D:1      | 532 ||| UPGRADING to +0 helmet of intelligence.
   537 | D:1      | 537 ||| READING scroll labelled CAZOCENECKAG.
   538 | D:1      | 538 ||| DROPPING scroll of poison.
   742 | D:2      | Noticed Sigmund
   751 | D:2      | 751 ||| FLEEEEING.
   753 | D:2      | 753 ||| FLEEEEING.
   755 | D:2      | HP: 4/21 [something/magic dart (9)]
   758 | D:2      | Killed from afar by Sigmund

Levels and vault maps discovered:
D:1:      lightli_arrival_chessboard, layout_rooms, serial_shops,
          nicolae_diamond_shop, minmay_small_reverse_x
D:2:      cheibrodos_old_hovel, layout_basic,
          shapermc_ecumenical_altar_flowoftime, uniq_sigmund

Skill      XL: |  1  2  3 |
---------------+----------+-----
Ranged Weapons | 3 |  3.6
Fighting       | 2 |  2.0
Dodging        | |  1.5
Spellcasting   | |  1.0
Hexes          | |  2.6

Action                     || total
---------------------------++-------
   Fire: Sling             ||   130
    Use: Scroll            ||     3
 Armour: Robe              ||    11
         Leather armour    ||     6
  Dodge: Dodged            ||    41

Table legend:
 A = Non-vault XP
 B = Vault XP
 C = Vault XP percentage of total XP
 D = Non-vault monster count
 E = Vault monster count
 F = Vault count percentage of total count
                 A         B        C        D         E       F
            +---------+---------+-------+---------+---------+-------
      Total |      50 |      20 |  28.6 |      27 |       5 |  15.6
            +---------+---------+-------+---------+---------+-------
        D:1 |      33 |       6 |  15.4 |      19 |       4 |  17.4
        D:2 |      17 |      14 |  45.2 |       8 |       1 |  11.1
            +---------+---------+-------+---------+---------+-------
